 Dungeon Crawl Stone Soup version 0.23-a0-650-ga4d50d4 (webtiles) character file.

30 Borgoz the Sneak (level 3, -1/22 HPs)
             Began as a Kobold Assassin on Jan 2, 2019.
             Slain by a goblin
             ... wielding a +0 dagger
              (5 damage)
             ... on level 1 of the Dungeon.
             The game lasted 00:02:10 (896 turns).

Borgoz the Sneak (Kobold Assassin)                   Turns: 896, Time: 00:02:11

Health: -1/22      AC:  3    Str:  9    XL:     3   Next: 35%
Magic:  3/3        EV: 19    Int: 12    God:
Gold:   13         SH:  0    Dex: 21    Spells: 2/2 levels left

rFire    . . .     SeeInvis .   a - +2 dagger
rCold    . . .     Gourm    .   (shield restricted)
rNeg     . . .     Faith    .   c - +0 robe
rPois    .         Spirit   .   (no helmet)
rElec    .         Reflect  .   d - +0 cloak
rCorr    .         Harm     .   (no gloves)
MR       .....                  (no boots)
Stlth    +++++.....             (no amulet)
HPRegen  0.07/turn              (no ring)
MPRegen  0.08/turn              (no ring)

@: agile, lethally poisoned (-1 -> -5)
A: small, carnivore
a: no special abilities


You were on level 1 of the Dungeon.
You were full.

You visited 1 branch of the dungeon, and saw 2 of its levels.

You collected 13 gold pieces.

Inventory:

Hand Weapons
 a - a +2 dagger (weapon)
 b - a +0 blowgun
Missiles
 e - 23 poisoned needles
 f - 2 curare-tipped needles
Armour
 c - a +0 robe (worn)
 d - a +0 cloak (worn)
Scrolls
 h - a scroll of enchant armour {unknown}
 i - 3 scrolls of identify {unknown}
 j - a scroll of blinking {unknown}
 k - a scroll of fog {unknown}
 m - a scroll of teleportation {unknown}
 o - a scroll of random uselessness {unknown}
Comestibles
 g - a ration
 n - a chunk of flesh


   Skills:
 + Level 2.5 Fighting
 + Level 2.8 Short Blades
 + Level 2.8 Throwing
 + Level 1.3 Dodging
 + Level 6.0 Stealth


You had 2 spell levels left.
You didn't know any spells.
Your spell library was empty.

Dungeon Overview and Level Annotations

Branches:
Dungeon (2/15)

Altars:


Innate Abilities, Weirdness & Mutations

You are small and have problems with some larger weapons.
You are carnivorous and can eat meat at any time.


Message History

You hit the adder.
The adder is almost dead.
The goblin misses you. The adder bites you but does no damage.
You barely miss the adder.
The adder is almost dead.
* * * LOW HITPOINT WARNING * * *
You feel sick. The adder bites you but does no damage.
The goblin hits you with a +0 dagger.
* * * LOW HITPOINT WARNING * * *
You miss the adder.
The adder is almost dead.
The adder closely misses you.
It was a potion of agility.
You feel agile all of a sudden. The goblin completely misses you.
The adder misses you.
You closely miss the adder.
The adder is almost dead.
* * * LOW HITPOINT WARNING * * *
You feel sick. The goblin hits you with a +0 dagger.
You die...

.###...........♣.♣..........##...
...##.......................##...
#.........................#..#...
##.#..............).......##.#...
#...÷....................##.....
##÷.................♣.♣...###....
.##.........#....................
................g.♣#♣.♣.♣.####..#
..............#.@.......(.# #.##
#..............[S#♣#♣.♣.♣.####.#.
#....####.....#.## #.###.....)..
#....###..##....#####.#######.)##
##........##...........######...#
#....##.#####....#####...........
)...>#..# ##....## ##..P♣..#..#
#....#.## #......#####...♣♣.###.#
##......###.#..#..#......♣..# ###


You could see an adder and a goblin.

Vanquished Creatures
  An adder (D:2)
  2 dart slugs (D:1)
  A leopard gecko (D:1)
  A bat (D:2)
  2 hobgoblins (D:1)
  3 goblins (D:1)
  4 kobolds
  3 rats (D:1)
17 creatures vanquished.

Notes
Turn   | Place    | Note
-------+----------+-------------------------------------------
     0 | D:1      | Borgoz the Kobold Assassin began the quest for the Orb.
     0 | D:1      | Reached XP level 1. HP: 12/12 MP: 1/1
    55 | D:1      | Reached XP level 2. HP: 3/17 MP: 2/2
   823 | D:2      | Reached skill level 6 in Stealth
   823 | D:2      | Reached XP level 3. HP: 16/22 MP: 3/3
   896 | D:1      | Slain by a goblin

Vault maps used:
D:1:      giann_horns, serial_forest, infiniplex_forest_lined_corner,
          infiniplex_forest_lined_room_, infiniplex_forest_lined_3_way,
          infiniplex_forest_straight_2, infiniplex_forest_clump_diagonal,
          infiniplex_forest_lined_3
D:2:      minivault_24

Skill      XL: |  1  2 |
---------------+-------+-----
Stealth        | 6 |  6.0
Fighting       | |  2.5
Short Blades   | |  2.8
Throwing       | |  2.8
Dodging        | |  1.3

Action                   || total
-------------------------++-------
Melee: Dagger            ||    55
 Fire: Blowgun           ||     5
  Use: Potion            ||     1
 Stab: Sleeping          ||     5
  Eat: Chunk             ||     5
Armor: Robe              ||    11
Dodge: Dodged            ||    44

Table legend:
 A = Non-vault XP
 B = Vault XP
 C = Vault XP percentage of total XP
 D = Non-vault monster count
 E = Vault monster count
 F = Vault count percentage of total count
                 A         B        C        D         E       F
            +---------+---------+-------+---------+---------+-------
      Total |      43 |       0 |   0.0 |      17 |       0 |   0.0
            +---------+---------+-------+---------+---------+-------
        D:1 |      27 |       0 |   0.0 |      14 |       0 |   0.0
        D:2 |      16 |       0 |   0.0 |       3 |       0 |   0.0
            +---------+---------+-------+---------+---------+-------
